[ PARTIDA AOE2 · #477711995 ]
UnrankedPolacos vs Ethiopians
[ ANÁLISIS DE REPETICIÓN · EXTRAÍDO DE LA PARTIDA GRABADA ]
Feudal
11:16
Castillos
15:32
Imperial
35:07
| APM promedio | 40.7 |
| APM pico | 75 |
| eAPM promedio | 17.7 |
| Aldeanos / militares | 131 / 555 |
Foco
⚔️ 30.1% · 🌾 69.9%
Knight ×223 · Skirmisher ×167 · Scout Cavalry ×156 · Obuch ×4 · Mangonel ×2 · Trebuchet (Packed) ×2
Feudal
11:04
Castillos
14:43
Imperial
27:43
| APM promedio | 21.2 |
| APM pico | 41 |
| eAPM promedio | 15.0 |
| Aldeanos / militares | 170 / 485 |
Foco
⚔️ 40.3% · 🌾 59.7%
Spearman ×317 · Archer ×109 · Mangonel ×31 · Trebuchet (Packed) ×18 · Trade Cart ×5 · Bombard Cannon ×5
Feudal
11:18
Castillos
15:14
Imperial
31:28
| APM promedio | 24.2 |
| APM pico | 55 |
| eAPM promedio | 17.4 |
| Aldeanos / militares | 142 / 804 |
Foco
⚔️ 45.4% · 🌾 54.6%
Spearman ×349 · Skirmisher ×163 · Bolas Rider ×158 · Petard ×109 · Trebuchet (Packed) ×25 · Trade Cart ×8
Feudal
11:40
Castillos
15:10
Imperial
31:01
| APM promedio | 27.5 |
| APM pico | 55 |
| eAPM promedio | 22.0 |
| Aldeanos / militares | 146 / 1036 |
Foco
⚔️ 45.5% · 🌾 54.5%
Skirmisher ×405 · Scout Cavalry ×333 · Camel Scout ×175 · Ghulam ×89 · Trebuchet (Packed) ×29 · Trade Cart ×24
Feudal
9:49
Castillos
16:05
Imperial
33:41
| APM promedio | 47.8 |
| APM pico | 94 |
| eAPM promedio | 33.4 |
| Aldeanos / militares | 178 / 802 |
Foco
⚔️ 45.3% · 🌾 54.7%
Skirmisher ×392 · Mangudai ×210 · Scout Cavalry ×167 · Mangonel ×7 · Archer ×6 · Petard ×6
Feudal
10:05
Castillos
13:39
Imperial
32:12
| APM promedio | 38.0 |
| APM pico | 82 |
| eAPM promedio | 18.9 |
| Aldeanos / militares | 203 / 357 |
Foco
⚔️ 32.9% · 🌾 67.1%
Chu Ko Nu ×279 · Trade Cart ×71 · Scout Cavalry ×55 · Trebuchet (Packed) ×12 · Iron Pagoda ×11
Feudal
10:57
Castillos
15:01
Imperial
32:40
| APM promedio | 27.7 |
| APM pico | 69 |
| eAPM promedio | 22.2 |
| Aldeanos / militares | 241 / 508 |
Foco
⚔️ 48.8% · 🌾 51.2%
Spearman ×205 · Knight ×137 · Skirmisher ×85 · Scout Cavalry ×62 · Battering Ram ×12 · Trade Cart ×10
Feudal
10:08
Castillos
13:38
Imperial
29:06
| APM promedio | 45.5 |
| APM pico | 92 |
| eAPM promedio | 29.5 |
| Aldeanos / militares | 353 / 1602 |
Foco
⚔️ 46.4% · 🌾 53.6%
Scout Cavalry ×798 · Knight ×309 · Conquistador ×238 · Militia ×234 · Trade Cart ×25 · Trebuchet (Packed) ×11
Mapa de la partida
Recursos iniciales + cada clic de construcción. Líneas = muros · curvas = relieve. ◆ oro · ⬟ piedra · ● bayas · ✦ reliquia · ◌ hueco del cierre
Tu base· ✓ Cerrada en 15:32 · 0t muro · 3 puerta(s)
Base de NPC· ✓ Cerrada en 14:43 · 0t muro · 2 puerta(s)
Base de Skeu· ✓ Cerrada en 15:14 · 0t muro · 3 puerta(s)
Base de Medina90· ✓ Cerrada en 15:10 · 1t muro · 3 puerta(s)
Base de Szpill· ✓ Cerrada en 16:05 · 0t muro · 2 puerta(s)
Base de Lilith Realm· ✓ Cerrada en 13:39 · 0t muro · 2 puerta(s)
Base de 74_phihung· ✓ Cerrada en 15:01 · 0t muro · 3 puerta(s)
Base de A Deer Ate My Villager· ✓ Cerrada en 13:38 · 0t muro · 2 puerta(s)
Terreno inicial suavizado · ◌ = hueco del cierre detectado · pasá el cursor para detalles
Inputs por minuto
— Efiko - - NPC
Build order — Efiko
Primeras 150 de 531 acciones detectadas
| 0:01 | Crear | Villager (Male) |
| 0:01 | Crear | Villager (Male) |
| 0:02 | Construir | House |
| 0:03 | Construir | House |
| 0:32 | Crear | Villager (Male) |
| 0:32 | Crear | Villager (Male) |
| 0:33 | Crear | Villager (Male) |
| 1:38 | Crear | Villager (Male) |
| 1:38 | Crear | Villager (Male) |
| 1:45 | Construir | Lumber Camp |
| 2:08 | Crear | Villager (Male) |
| 2:08 | Crear | Villager (Male) |
| 2:29 | Crear | Villager (Male) |
| 2:30 | Crear | Villager (Male) |
| 2:57 | Crear | Villager (Male) |
| 2:58 | Crear | Villager (Male) |
| 2:58 | Crear | Villager (Male) |
| 3:30 | Construir | Mill |
| 3:48 | Crear | Villager (Male) |
| 3:49 | Crear | Villager (Male) |
| 3:57 | Construir | House |
| 4:16 | Construir | House |
| 4:21 | Crear | Villager (Male) |
| 4:21 | Crear | Villager (Male) |
| 4:56 | Crear | Villager (Male) |
| 4:56 | Crear | Villager (Male) |
| 4:56 | Crear | Villager (Male) |
| 5:26 | Crear | Villager (Male) |
| 5:59 | Crear | Villager (Male) |
| 6:14 | Crear | Villager (Male) |
| 6:14 | Crear | Villager (Male) |
| 6:15 | Crear | Villager (Male) |
| 6:15 | Crear | Villager (Male) |
| 7:30 | Construir | Mining Camp |
| 7:57 | Construir | Mill |
| 8:15 | Crear | Villager (Male) |
| 8:15 | Crear | Villager (Male) |
| 9:06 | Investigar | Feudal Age |
| 10:14 | Construir | Barracks |
| 11:16 | Edad | Edad Feudal |
| 11:20 | Construir | Market |
| 11:27 | Construir | Market |
| 11:35 | Construir | Blacksmith |
| 11:37 | Crear | Villager (Male) |
| 11:38 | Crear | Villager (Male) |
| 12:39 | Construir | Mining Camp |
| 12:42 | Construir | Farm |
| 12:43 | Construir | Farm |
| 12:44 | Construir | Farm |
| 12:52 | Investigar | Castle Age |
| 12:52 | Investigar | Castle Age |
| 12:57 | Construir | Farm |
| 13:36 | Construir | Farm |
| 14:09 | Construir | Lumber Camp |
| 14:39 | Construir | Stable |
| 15:32 | Edad | Edad de los Castillos |
| 16:01 | Construir | Castle |
| 16:09 | Construir | Farm |
| 16:10 | Crear | Villager (Male) |
| 16:10 | Crear | Villager (Male) |
| 16:11 | Crear | Villager (Male) |
| 16:11 | Crear | Villager (Male) |
| 16:47 | Construir | Farm |
| 16:47 | Construir | Farm |
| 17:05 | Construir | Town Center |
| 17:09 | Investigar | Double-Bit Axe |
| 17:09 | Investigar | Double-Bit Axe |
| 17:13 | Construir | Farm |
| 17:14 | Crear | Villager (Male) |
| 17:32 | Construir | Farm |
| 17:37 | Investigar | Bloodlines |
| 17:38 | Investigar | Bloodlines |
| 17:46 | Construir | Farm |
| 17:47 | Construir | Farm |
| 17:48 | Construir | Farm |
| 17:50 | Construir | Farm |
| 17:52 | Construir | Farm |
| 18:20 | Construir | Farm |
| 18:21 | Construir | Farm |
| 18:33 | Crear | Villager (Male) |
| 18:34 | Crear | Villager (Male) |
| 18:35 | Crear | Villager (Male) |
| 18:36 | Crear | Villager (Male) |
| 19:03 | Construir | Stable |
| 19:07 | Crear | Knight ×2 |
| 19:07 | Crear | Knight ×2 |
| 19:12 | Construir | Farm |
| 19:28 | Construir | Farm |
| 19:31 | Crear | Spearman |
| 19:41 | Construir | Farm |
| 19:48 | Crear | Villager (Male) |
| 19:54 | Crear | Villager (Male) |
| 19:55 | Crear | Villager (Male) |
| 19:59 | Construir | Farm |
| 20:04 | Crear | Villager (Male) |
| 20:19 | Construir | Farm |
| 20:26 | Construir | Farm |
| 20:45 | Investigar | Bow Saw |
| 20:45 | Investigar | Bow Saw |
| 20:50 | Investigar | Horse Collar |
| 20:50 | Investigar | Horse Collar |
| 21:00 | Crear | Knight |
| 21:10 | Crear | Obuch |
| 21:10 | Crear | Obuch ×2 |
| 21:38 | Investigar | Husbandry |
| 21:38 | Investigar | Husbandry |
| 21:47 | Crear | Knight |
| 21:47 | Crear | Knight |
| 21:58 | Construir | Stone Wall |
| 22:10 | Crear | Villager (Male) |
| 22:10 | Crear | Villager (Male) |
| 22:10 | Crear | Villager (Male) |
| 22:11 | Crear | Villager (Male) |
| 22:11 | Crear | Villager (Male) |
| 22:11 | Crear | Villager (Male) |
| 22:19 | Construir | Town Center |
| 22:34 | Investigar | Light Cavalry (upgrade) |
| 22:39 | Construir | Farm |
| 23:09 | Crear | Obuch |
| 23:21 | Construir | Farm |
| 23:28 | Construir | Farm |
| 23:30 | Crear | Villager (Male) |
| 23:31 | Crear | Villager (Male) |
| 23:31 | Crear | Villager (Male) |
| 23:31 | Crear | Villager (Male) |
| 23:35 | Investigar | Wheelbarrow |
| 23:35 | Investigar | Wheelbarrow |
| 23:39 | Construir | Farm |
| 23:59 | Investigar | Forging |
| 24:05 | Crear | Villager (Male) |
| 24:27 | Crear | Knight |
| 24:34 | Construir | Farm |
| 24:58 | Crear | Knight |
| 25:05 | Crear | Villager (Male) |
| 25:05 | Crear | Villager (Male) |
| 25:05 | Crear | Villager (Male) |
| 25:06 | Crear | Villager (Male) |
| 25:07 | Crear | Villager (Male) |
| 25:08 | Crear | Villager (Male) |
| 25:42 | Construir | Castle |
| 25:57 | Construir | Stone Wall |
| 26:03 | Construir | House |
| 26:03 | Construir | House |
| 26:04 | Construir | House |
| 26:04 | Construir | House |
| 26:05 | Crear | Villager (Male) |
| 26:05 | Crear | Villager (Male) |
| 26:06 | Crear | Villager (Male) |
| 26:06 | Crear | Villager (Male) |
| 26:06 | Crear | Villager (Male) |
Build order — NPC
Primeras 150 de 516 acciones detectadas
| 0:01 | Crear | Villager (Male) |
| 0:01 | Crear | Villager (Male) |
| 0:03 | Construir | House |
| 0:14 | Construir | House |
| 0:26 | Crear | Villager (Male) |
| 0:26 | Crear | Villager (Male) |
| 1:25 | Crear | Villager (Male) |
| 1:25 | Crear | Villager (Male) |
| 1:45 | Construir | Lumber Camp |
| 1:52 | Crear | Villager (Male) |
| 1:52 | Crear | Villager (Male) |
| 2:27 | Crear | Villager (Male) |
| 2:27 | Crear | Villager (Male) |
| 2:54 | Crear | Villager (Male) |
| 2:54 | Crear | Villager (Male) |
| 2:54 | Crear | Villager (Male) |
| 3:26 | Construir | House |
| 3:31 | Crear | Villager (Male) |
| 3:50 | Construir | Mill |
| 3:59 | Crear | Villager (Male) |
| 4:37 | Crear | Villager (Male) |
| 4:47 | Crear | Villager (Male) |
| 5:10 | Crear | Villager (Male) |
| 5:30 | Construir | House |
| 5:47 | Crear | Villager (Male) |
| 5:56 | Construir | Mining Camp |
| 6:11 | Crear | Villager (Male) |
| 6:37 | Crear | Villager (Male) |
| 6:45 | Crear | Villager (Male) |
| 7:25 | Crear | Villager (Male) |
| 7:59 | Crear | Villager (Male) |
| 8:27 | Crear | Villager (Male) |
| 8:54 | Investigar | Feudal Age |
| 9:55 | Construir | Farm |
| 10:28 | Construir | Farm |
| 10:34 | Construir | Farm |
| 10:36 | Construir | Farm |
| 11:04 | Edad | Edad Feudal |
| 11:07 | Construir | Blacksmith |
| 11:16 | Crear | Villager (Male) |
| 11:21 | Construir | Market |
| 11:24 | Investigar | Loom |
| 11:31 | Construir | House |
| 12:01 | Investigar | Double-Bit Axe |
| 12:03 | Investigar | Castle Age |
| 12:06 | Investigar | Horse Collar |
| 12:44 | Construir | Farm |
| 14:17 | Construir | Lumber Camp |
| 14:33 | Crear | Villager (Male) |
| 14:43 | Edad | Edad de los Castillos |
| 14:46 | Construir | Town Center |
| 14:48 | Crear | Villager (Male) |
| 14:53 | Construir | Town Center |
| 15:07 | Investigar | Heavy Plow |
| 15:15 | Construir | Farm |
| 15:33 | Crear | Villager (Male) |
| 15:39 | Construir | Farm |
| 15:44 | Crear | Villager (Male) |
| 15:44 | Crear | Villager (Male) |
| 15:45 | Crear | Villager (Male) |
| 15:56 | Investigar | Bow Saw |
| 15:59 | Crear | Villager (Male) |
| 16:10 | Construir | Farm |
| 16:13 | Crear | Villager (Male) |
| 16:29 | Construir | Farm |
| 16:30 | Crear | Villager (Male) |
| 16:38 | Construir | Farm |
| 16:40 | Crear | Villager (Male) |
| 16:50 | Construir | House |
| 16:52 | Construir | House |
| 16:55 | Construir | House |
| 16:57 | Construir | House |
| 16:57 | Construir | House |
| 16:58 | Crear | Villager (Male) |
| 17:10 | Crear | Villager (Male) |
| 17:11 | Crear | Villager (Male) |
| 17:12 | Crear | Villager (Male) |
| 17:15 | Construir | Farm |
| 17:17 | Construir | Farm |
| 17:21 | Crear | Villager (Male) |
| 17:31 | Construir | Farm |
| 17:34 | Crear | Villager (Male) |
| 17:47 | Construir | Farm |
| 17:54 | Crear | Villager (Male) |
| 17:55 | Crear | Villager (Male) |
| 18:06 | Construir | Farm |
| 18:07 | Crear | Villager (Male) |
| 18:07 | Crear | Villager (Male) |
| 18:10 | Construir | Farm |
| 18:13 | Construir | Farm |
| 18:14 | Crear | Villager (Male) |
| 18:14 | Crear | Villager (Male) |
| 18:18 | Construir | Farm |
| 18:21 | Crear | Villager (Male) |
| 18:31 | Construir | House |
| 18:35 | Construir | Farm |
| 18:41 | Crear | Villager (Male) |
| 18:45 | Crear | Villager (Male) |
| 18:47 | Crear | Villager (Male) |
| 18:55 | Crear | Villager (Male) |
| 18:56 | Crear | Villager (Male) |
| 19:08 | Crear | Villager (Male) |
| 19:14 | Crear | Villager (Male) |
| 19:19 | Construir | Farm |
| 19:20 | Construir | Mill |
| 19:22 | Crear | Villager (Male) |
| 19:31 | Crear | Villager (Male) |
| 19:37 | Construir | Farm |
| 19:38 | Crear | Villager (Male) |
| 19:43 | Construir | Farm |
| 19:44 | Construir | Farm |
| 19:46 | Construir | Farm |
| 19:47 | Construir | Farm |
| 19:49 | Construir | House |
| 19:50 | Crear | Villager (Male) |
| 19:53 | Crear | Villager (Male) |
| 19:54 | Crear | Villager (Male) |
| 19:58 | Crear | Villager (Male) |
| 20:01 | Construir | Farm |
| 20:03 | Crear | Villager (Male) |
| 20:12 | Construir | Farm |
| 20:16 | Crear | Villager (Male) |
| 20:19 | Crear | Villager (Male) |
| 20:31 | Construir | Barracks |
| 20:33 | Crear | Villager (Male) |
| 20:48 | Investigar | Wheelbarrow |
| 20:59 | Construir | Farm |
| 21:05 | Crear | Villager (Male) |
| 21:06 | Crear | Villager (Male) |
| 21:20 | Crear | Villager (Male) |
| 21:34 | Construir | House |
| 21:36 | Crear | Villager (Male) |
| 21:41 | Crear | Villager (Male) |
| 21:49 | Construir | Farm |
| 21:54 | Crear | Villager (Male) |
| 22:00 | Construir | Farm |
| 22:04 | Construir | Farm |
| 22:09 | Construir | Siege Workshop |
| 22:11 | Crear | Villager (Male) |
| 22:19 | Construir | House |
| 22:19 | Construir | House |
| 22:24 | Construir | House |
| 22:25 | Construir | House |
| 22:27 | Construir | House |
| 22:28 | Construir | House |
| 22:29 | Construir | House |
| 22:30 | Construir | House |
| 22:31 | Construir | House |
| 22:34 | Crear | Villager (Male) |
| 22:35 | Crear | Villager (Male) |
Build order — Skeu
Primeras 150 de 759 acciones detectadas
| 0:02 | Crear | Villager (Male) |
| 0:02 | Crear | Villager (Male) |
| 0:04 | Construir | House |
| 0:06 | Construir | House |
| 0:15 | Crear | Villager (Male) |
| 0:15 | Crear | Villager (Male) |
| 1:36 | Crear | Villager (Male) |
| 1:36 | Crear | Villager (Male) |
| 1:49 | Construir | Settlement |
| 1:52 | Crear | Villager (Male) |
| 1:52 | Crear | Villager (Male) |
| 2:24 | Crear | Villager (Male) |
| 2:24 | Crear | Villager (Male) |
| 2:54 | Crear | Villager (Male) |
| 2:55 | Crear | Villager (Male) |
| 2:55 | Crear | Villager (Male) |
| 3:34 | Crear | Villager (Male) |
| 3:35 | Crear | Villager (Male) |
| 4:15 | Crear | Villager (Male) |
| 4:15 | Crear | Villager (Male) |
| 4:32 | Crear | Villager (Male) |
| 4:32 | Crear | Villager (Male) |
| 4:34 | Crear | Villager (Male) |
| 4:35 | Crear | Villager (Male) |
| 4:44 | Construir | Settlement |
| 5:40 | Crear | Villager (Male) |
| 5:45 | Crear | Villager (Male) |
| 6:30 | Crear | Villager (Male) |
| 6:51 | Crear | Villager (Male) |
| 7:01 | Construir | Settlement |
| 7:05 | Crear | Villager (Male) |
| 7:38 | Crear | Villager (Male) |
| 8:13 | Crear | Villager (Male) |
| 8:34 | Crear | Villager (Male) |
| 9:08 | Investigar | Feudal Age |
| 11:02 | Crear | Villager (Male) |
| 11:02 | Crear | Villager (Male) |
| 11:18 | Edad | Edad Feudal |
| 11:21 | Construir | Blacksmith |
| 11:24 | Construir | Market |
| 11:43 | Construir | Settlement |
| 12:05 | Crear | Villager (Male) |
| 12:33 | Investigar | Castle Age |
| 12:48 | Construir | Farm |
| 12:51 | Construir | Farm |
| 12:54 | Construir | Farm |
| 13:14 | Investigar | Double-Bit Axe |
| 13:14 | Investigar | Double-Bit Axe |
| 13:35 | Construir | House |
| 13:36 | Construir | House |
| 13:51 | Investigar | Horse Collar |
| 14:00 | Construir | Farm |
| 14:13 | Construir | Farm |
| 14:42 | Investigar | Wheelbarrow |
| 15:08 | Construir | House |
| 15:14 | Edad | Edad de los Castillos |
| 15:18 | Construir | Town Center |
| 15:25 | Construir | Town Center |
| 15:28 | Crear | Villager (Male) |
| 15:29 | Crear | Villager (Male) |
| 15:32 | Construir | Farm |
| 15:33 | Construir | Farm |
| 15:41 | Construir | House |
| 15:45 | Crear | Spearman |
| 15:45 | Crear | Spearman |
| 15:46 | Crear | Spearman |
| 15:46 | Crear | Spearman |
| 16:28 | Construir | House |
| 16:33 | Crear | Villager (Male) |
| 16:33 | Crear | Villager (Male) |
| 16:34 | Crear | Villager (Male) |
| 16:34 | Crear | Villager (Male) |
| 16:37 | Construir | Farm |
| 16:41 | Construir | Farm |
| 16:44 | Construir | Farm |
| 16:47 | Crear | Villager (Male) |
| 16:47 | Crear | Villager (Male) |
| 16:47 | Crear | Villager (Male) |
| 17:06 | Crear | Villager (Male) |
| 17:09 | Construir | House |
| 17:12 | Crear | Villager (Male) |
| 17:12 | Crear | Villager (Male) |
| 17:28 | Construir | Farm |
| 17:30 | Crear | Skirmisher |
| 17:30 | Crear | Skirmisher |
| 17:38 | Crear | Villager (Male) |
| 17:38 | Crear | Villager (Male) |
| 17:42 | Construir | House |
| 17:54 | Crear | Villager (Male) |
| 17:54 | Crear | Villager (Male) |
| 18:00 | Construir | Farm |
| 18:00 | Construir | Farm |
| 18:00 | Construir | Farm |
| 18:02 | Construir | Farm |
| 18:02 | Construir | Farm |
| 18:03 | Construir | Farm |
| 18:03 | Construir | Farm |
| 18:03 | Construir | Farm |
| 18:03 | Construir | Farm |
| 18:04 | Construir | Farm |
| 18:04 | Construir | Farm |
| 18:04 | Construir | Farm |
| 18:04 | Construir | Farm |
| 18:05 | Construir | Farm |
| 18:06 | Construir | Farm |
| 18:07 | Construir | Farm |
| 18:07 | Construir | Farm |
| 18:07 | Construir | Farm |
| 18:08 | Construir | Farm |
| 18:08 | Construir | Farm |
| 18:08 | Construir | Farm |
| 18:08 | Construir | Farm |
| 18:09 | Construir | Farm |
| 18:09 | Construir | Farm |
| 18:09 | Construir | Farm |
| 18:09 | Construir | Farm |
| 18:10 | Construir | Farm |
| 18:10 | Construir | Farm |
| 18:10 | Construir | Farm |
| 18:11 | Construir | Farm |
| 18:11 | Construir | Farm |
| 18:11 | Construir | Farm |
| 18:12 | Crear | Villager (Male) |
| 18:12 | Crear | Villager (Male) |
| 18:21 | Construir | House |
| 18:26 | Crear | Villager (Male) |
| 18:27 | Crear | Villager (Male) |
| 18:27 | Crear | Villager (Male) |
| 18:33 | Construir | Farm |
| 18:37 | Construir | Farm |
| 18:41 | Crear | Villager (Male) |
| 18:41 | Crear | Villager (Male) |
| 18:47 | Construir | Farm |
| 19:25 | Crear | Villager (Male) |
| 19:25 | Crear | Villager (Male) |
| 19:25 | Crear | Villager (Male) |
| 19:25 | Crear | Villager (Male) |
| 19:26 | Crear | Villager (Male) |
| 19:33 | Construir | Barracks |
| 19:43 | Crear | Villager (Male) |
| 19:43 | Crear | Villager (Male) |
| 19:43 | Crear | Villager (Male) |
| 19:56 | Crear | Villager (Male) |
| 19:56 | Crear | Villager (Male) |
| 20:01 | Construir | House |
| 20:02 | Crear | Villager (Male) |
| 20:03 | Crear | Villager (Male) |
| 20:06 | Crear | Villager (Male) |
| 20:10 | Construir | Farm |
| 20:12 | Construir | Farm |
Build order — Medina90
Primeras 150 de 1036 acciones detectadas
| 0:00 | Crear | Villager (Male) |
| 0:01 | Crear | Villager (Male) |
| 0:01 | Crear | Villager (Male) |
| 0:02 | Crear | Villager (Male) |
| 0:03 | Construir | House |
| 0:06 | Construir | House |
| 1:07 | Crear | Villager (Male) |
| 1:36 | Crear | Villager (Male) |
| 1:36 | Crear | Villager (Male) |
| 1:50 | Crear | Villager (Male) |
| 2:17 | Construir | Lumber Camp |
| 2:40 | Crear | Villager (Male) |
| 2:58 | Crear | Villager (Male) |
| 2:58 | Crear | Villager (Male) |
| 3:04 | Construir | House |
| 3:45 | Crear | Villager (Male) |
| 4:18 | Crear | Villager (Male) |
| 4:40 | Construir | Mill |
| 4:43 | Crear | Villager (Male) |
| 4:44 | Crear | Villager (Male) |
| 5:49 | Construir | Palisade Wall |
| 6:05 | Crear | Villager (Male) |
| 6:05 | Crear | Villager (Male) |
| 6:07 | Crear | Villager (Male) |
| 6:53 | Construir | House |
| 7:12 | Crear | Villager (Male) |
| 7:13 | Crear | Villager (Male) |
| 7:35 | Crear | Villager (Male) |
| 8:15 | Construir | Mill |
| 8:22 | Crear | Villager (Male) |
| 8:23 | Crear | Villager (Male) |
| 8:45 | Construir | Mining Camp |
| 9:20 | Investigar | Feudal Age |
| 10:44 | Crear | Villager (Male) |
| 10:44 | Crear | Villager (Male) |
| 10:49 | Construir | House |
| 11:40 | Edad | Edad Feudal |
| 11:42 | Construir | Market |
| 11:46 | Construir | Blacksmith |
| 12:18 | Investigar | Castle Age |
| 12:23 | Construir | Lumber Camp |
| 13:11 | Investigar | Double-Bit Axe |
| 13:16 | Construir | House |
| 14:39 | Crear | Villager (Male) |
| 14:40 | Crear | Villager (Male) |
| 14:40 | Crear | Villager (Male) |
| 14:56 | Construir | Farm |
| 14:56 | Construir | Farm |
| 14:56 | Construir | Farm |
| 14:56 | Construir | Farm |
| 14:58 | Construir | Farm |
| 14:59 | Construir | Farm |
| 15:10 | Edad | Edad de los Castillos |
| 15:15 | Construir | Town Center |
| 15:53 | Construir | Farm |
| 15:53 | Construir | Farm |
| 15:54 | Construir | Farm |
| 15:54 | Construir | Farm |
| 15:56 | Construir | Farm |
| 15:56 | Construir | Farm |
| 16:11 | Crear | Villager (Male) |
| 16:17 | Crear | Villager (Male) |
| 16:17 | Crear | Villager (Male) |
| 16:18 | Crear | Villager (Male) |
| 16:20 | Crear | Villager (Male) |
| 16:48 | Construir | Town Center |
| 16:55 | Crear | Villager (Male) |
| 17:12 | Construir | Farm |
| 17:12 | Construir | Farm |
| 17:12 | Construir | Farm |
| 17:13 | Construir | Farm |
| 17:13 | Construir | Farm |
| 17:25 | Construir | Farm |
| 17:28 | Crear | Villager (Male) |
| 17:28 | Crear | Villager (Male) |
| 17:28 | Crear | Villager (Male) |
| 17:51 | Crear | Villager (Male) |
| 17:59 | Crear | Villager (Male) |
| 18:01 | Crear | Villager (Male) |
| 18:01 | Crear | Villager (Male) |
| 18:02 | Crear | Villager (Male) |
| 18:03 | Crear | Villager (Male) |
| 18:17 | Crear | Villager (Male) |
| 18:23 | Construir | Farm |
| 18:23 | Construir | Farm |
| 18:24 | Construir | Farm |
| 18:24 | Construir | Farm |
| 18:24 | Construir | Farm |
| 18:24 | Construir | Farm |
| 18:25 | Construir | Farm |
| 18:25 | Construir | Farm |
| 18:25 | Construir | Farm |
| 18:26 | Construir | Farm |
| 19:01 | Crear | Villager (Male) |
| 19:02 | Crear | Villager (Male) |
| 19:02 | Crear | Villager (Male) |
| 19:02 | Crear | Villager (Male) |
| 19:02 | Crear | Villager (Male) |
| 19:10 | Construir | House |
| 19:16 | Construir | House |
| 19:16 | Construir | House |
| 19:16 | Construir | House |
| 19:17 | Construir | House |
| 19:17 | Construir | House |
| 19:18 | Construir | House |
| 19:18 | Construir | House |
| 19:18 | Construir | House |
| 19:18 | Construir | House |
| 19:29 | Construir | Farm |
| 19:31 | Construir | Farm |
| 19:34 | Construir | Farm |
| 19:43 | Crear | Villager (Male) |
| 19:44 | Crear | Villager (Male) |
| 19:45 | Crear | Villager (Male) |
| 19:46 | Investigar | Gold Mining |
| 20:04 | Construir | Farm |
| 20:04 | Construir | Farm |
| 20:04 | Construir | Farm |
| 20:14 | Construir | Farm |
| 20:17 | Crear | Villager (Male) |
| 20:22 | Crear | Villager (Male) |
| 20:35 | Construir | House |
| 20:35 | Construir | House |
| 20:35 | Construir | House |
| 20:36 | Construir | House |
| 20:36 | Construir | House |
| 20:37 | Construir | House |
| 20:37 | Construir | House |
| 20:37 | Construir | House |
| 20:38 | Construir | House |
| 20:39 | Construir | House |
| 20:39 | Construir | House |
| 20:46 | Crear | Villager (Male) |
| 20:46 | Crear | Villager (Male) |
| 20:46 | Crear | Villager (Male) |
| 20:46 | Crear | Villager (Male) |
| 20:47 | Crear | Villager (Male) |
| 20:47 | Crear | Villager (Male) |
| 20:47 | Crear | Villager (Male) |
| 20:48 | Crear | Villager (Male) |
| 20:52 | Investigar | Bow Saw |
| 21:00 | Investigar | Horse Collar |
| 21:22 | Investigar | Heavy Plow |
| 21:38 | Construir | Mill |
| 21:39 | Construir | Farm |
| 21:40 | Construir | Farm |
| 21:40 | Construir | Farm |
| 21:40 | Construir | Farm |
| 21:41 | Construir | Farm |
| 21:41 | Construir | Farm |
Build order — Szpill
Primeras 150 de 1172 acciones detectadas
| 0:01 | Crear | Villager (Male) |
| 0:02 | Construir | House |
| 0:03 | Construir | House |
| 0:04 | Crear | Villager (Male) |
| 0:24 | Crear | Villager (Male) |
| 0:25 | Crear | Villager (Male) |
| 0:25 | Crear | Villager (Male) |
| 1:26 | Crear | Villager (Male) |
| 1:51 | Crear | Villager (Male) |
| 1:51 | Crear | Villager (Male) |
| 1:59 | Construir | Lumber Camp |
| 2:22 | Crear | Villager (Male) |
| 2:51 | Crear | Villager (Male) |
| 2:51 | Crear | Villager (Male) |
| 3:26 | Construir | House |
| 3:35 | Crear | Villager (Male) |
| 4:07 | Construir | Mill |
| 4:08 | Crear | Villager (Male) |
| 4:40 | Crear | Villager (Male) |
| 4:41 | Crear | Villager (Male) |
| 4:41 | Crear | Villager (Male) |
| 5:11 | Construir | House |
| 5:27 | Construir | House |
| 5:31 | Crear | Villager (Male) |
| 5:31 | Crear | Villager (Male) |
| 5:31 | Crear | Villager (Male) |
| 5:47 | Crear | Villager (Male) |
| 5:47 | Crear | Villager (Male) |
| 5:52 | Crear | Villager (Male) |
| 5:58 | Construir | Lumber Camp |
| 6:00 | Crear | Villager (Male) |
| 6:07 | Crear | Villager (Male) |
| 6:22 | Crear | Villager (Male) |
| 6:57 | Investigar | Loom |
| 7:36 | Construir | Mining Camp |
| 7:39 | Investigar | Feudal Age |
| 8:01 | Construir | Mining Camp |
| 8:27 | Construir | House |
| 9:49 | Edad | Edad Feudal |
| 9:51 | Construir | Market |
| 9:54 | Crear | Villager (Male) |
| 10:05 | Crear | Villager (Male) |
| 10:16 | Construir | Blacksmith |
| 10:44 | Crear | Villager (Male) |
| 11:06 | Crear | Villager (Male) |
| 11:18 | Construir | Mill |
| 11:34 | Crear | Villager (Male) |
| 11:58 | Crear | Villager (Male) |
| 12:02 | Construir | Farm |
| 12:24 | Crear | Villager (Male) |
| 12:27 | Construir | Farm |
| 12:53 | Crear | Villager (Male) |
| 12:55 | Construir | Farm |
| 13:25 | Investigar | Castle Age |
| 13:27 | Construir | Farm |
| 13:44 | Construir | Barracks |
| 13:54 | Investigar | Double-Bit Axe |
| 13:55 | Investigar | Double-Bit Axe |
| 15:00 | Crear | Spearman |
| 16:05 | Edad | Edad de los Castillos |
| 16:08 | Construir | Town Center |
| 16:10 | Crear | Villager (Male) |
| 16:11 | Crear | Villager (Male) |
| 16:15 | Construir | Town Center |
| 16:32 | Crear | Villager (Male) |
| 16:50 | Crear | Spearman |
| 17:00 | Investigar | Horse Collar |
| 17:21 | Crear | Villager (Male) |
| 17:21 | Crear | Villager (Male) |
| 17:23 | Crear | Villager (Male) |
| 17:26 | Construir | Farm |
| 17:29 | Construir | Farm |
| 17:30 | Construir | Farm |
| 17:45 | Crear | Villager (Male) |
| 17:45 | Crear | Villager (Male) |
| 17:49 | Crear | Villager (Male) |
| 17:50 | Crear | Villager (Male) |
| 17:56 | Construir | Farm |
| 18:01 | Construir | Farm |
| 18:01 | Construir | Farm |
| 18:02 | Construir | Farm |
| 18:07 | Construir | Farm |
| 18:11 | Crear | Villager (Male) |
| 18:14 | Crear | Villager (Male) |
| 18:24 | Construir | Farm |
| 18:26 | Construir | Farm |
| 18:37 | Crear | Villager (Male) |
| 18:43 | Construir | Farm |
| 18:43 | Construir | Farm |
| 18:52 | Crear | Villager (Male) |
| 19:10 | Construir | Farm |
| 19:11 | Crear | Villager (Male) |
| 19:18 | Construir | Farm |
| 19:23 | Construir | Farm |
| 19:24 | Construir | Farm |
| 19:24 | Construir | Farm |
| 19:24 | Construir | Farm |
| 19:24 | Construir | Farm |
| 19:29 | Crear | Villager (Male) |
| 19:29 | Crear | Villager (Male) |
| 19:33 | Construir | House |
| 19:39 | Construir | House |
| 19:39 | Construir | House |
| 19:39 | Construir | House |
| 19:39 | Construir | House |
| 19:40 | Construir | House |
| 19:40 | Construir | House |
| 19:40 | Construir | House |
| 19:41 | Construir | House |
| 19:46 | Construir | House |
| 20:03 | Construir | Farm |
| 20:03 | Construir | Farm |
| 20:07 | Construir | Farm |
| 20:08 | Construir | Farm |
| 20:17 | Construir | Farm |
| 20:18 | Crear | Villager (Male) |
| 20:18 | Crear | Villager (Male) |
| 20:19 | Crear | Villager (Male) |
| 20:19 | Crear | Villager (Male) |
| 20:19 | Crear | Villager (Male) |
| 20:19 | Crear | Villager (Male) |
| 20:33 | Crear | Villager (Male) |
| 20:33 | Crear | Villager (Male) |
| 20:33 | Crear | Villager (Male) |
| 21:02 | Construir | Castle |
| 21:03 | Crear | Villager (Male) |
| 21:04 | Crear | Villager (Male) |
| 21:12 | Construir | Farm |
| 21:13 | Construir | Farm |
| 21:13 | Crear | Villager (Male) |
| 21:14 | Crear | Villager (Male) |
| 21:14 | Crear | Villager (Male) |
| 21:14 | Crear | Villager (Male) |
| 21:21 | Construir | Farm |
| 21:21 | Construir | Farm |
| 21:21 | Construir | Farm |
| 21:21 | Construir | Farm |
| 21:21 | Construir | Farm |
| 21:23 | Crear | Villager (Male) |
| 21:24 | Crear | Villager (Male) |
| 21:33 | Crear | Villager (Male) |
| 21:33 | Crear | Villager (Male) |
| 21:34 | Crear | Villager (Male) |
| 21:37 | Construir | Farm |
| 21:45 | Construir | Farm |
| 21:49 | Crear | Villager (Male) |
| 21:49 | Crear | Villager (Male) |
| 21:49 | Crear | Villager (Male) |
| 22:01 | Crear | Villager (Male) |
| 22:20 | Crear | Villager (Male) |
Build order — Lilith Realm
Primeras 150 de 633 acciones detectadas
| 0:03 | Investigar | Loom |
| 0:49 | Crear | Villager (Male) |
| 0:49 | Crear | Villager (Male) |
| 1:15 | Crear | Villager (Male) |
| 1:15 | Crear | Villager (Male) |
| 1:40 | Crear | Villager (Male) |
| 1:40 | Crear | Villager (Male) |
| 2:03 | Crear | Villager (Male) |
| 2:04 | Crear | Villager (Male) |
| 2:04 | Crear | Villager (Male) |
| 2:10 | Construir | Lumber Camp |
| 2:27 | Crear | Villager (Male) |
| 2:27 | Crear | Villager (Male) |
| 2:44 | Crear | Villager (Male) |
| 3:02 | Construir | House |
| 3:03 | Construir | House |
| 3:08 | Construir | House |
| 3:16 | Crear | Villager (Male) |
| 3:17 | Crear | Villager (Male) |
| 3:17 | Crear | Villager (Male) |
| 4:06 | Crear | Villager (Male) |
| 4:32 | Crear | Villager (Male) |
| 4:32 | Crear | Villager (Male) |
| 4:33 | Crear | Villager (Male) |
| 4:33 | Crear | Villager (Male) |
| 4:39 | Construir | Mill |
| 5:17 | Crear | Villager (Male) |
| 5:36 | Construir | Mill |
| 5:40 | Crear | Villager (Male) |
| 5:40 | Crear | Villager (Male) |
| 6:38 | Crear | Villager (Male) |
| 6:49 | Crear | Villager (Male) |
| 7:18 | Crear | Villager (Male) |
| 7:53 | Investigar | Feudal Age |
| 7:59 | Construir | Mining Camp |
| 8:52 | Construir | House |
| 10:05 | Edad | Edad Feudal |
| 10:07 | Construir | Market |
| 10:12 | Construir | Blacksmith |
| 10:15 | Crear | Villager (Male) |
| 10:34 | Crear | Villager (Male) |
| 10:58 | Investigar | Castle Age |
| 11:30 | Construir | House |
| 11:40 | Investigar | Double-Bit Axe |
| 12:11 | Investigar | Horse Collar |
| 12:29 | Investigar | Wheelbarrow |
| 13:39 | Edad | Edad de los Castillos |
| 13:43 | Construir | Town Center |
| 13:48 | Construir | Town Center |
| 14:22 | Crear | Villager (Male) |
| 14:32 | Construir | Farm |
| 14:32 | Construir | Farm |
| 14:32 | Construir | Farm |
| 14:32 | Construir | Farm |
| 14:50 | Investigar | Bow Saw |
| 14:51 | Crear | Villager (Male) |
| 15:08 | Construir | Farm |
| 15:12 | Construir | Farm |
| 15:38 | Construir | Farm |
| 15:42 | Construir | Farm |
| 15:47 | Construir | Farm |
| 15:49 | Crear | Villager (Male) |
| 15:52 | Construir | Farm |
| 16:02 | Construir | Farm |
| 16:13 | Construir | Farm |
| 16:16 | Construir | Farm |
| 16:19 | Construir | Farm |
| 16:19 | Crear | Villager (Male) |
| 16:33 | Construir | Farm |
| 16:37 | Crear | Villager (Male) |
| 16:37 | Crear | Villager (Male) |
| 16:47 | Construir | Farm |
| 16:53 | Crear | Villager (Male) |
| 16:53 | Crear | Villager (Male) |
| 16:58 | Construir | Farm |
| 17:03 | Construir | Farm |
| 17:06 | Construir | Farm |
| 17:06 | Crear | Villager (Male) |
| 17:07 | Crear | Villager (Male) |
| 17:12 | Construir | Farm |
| 17:14 | Crear | Villager (Male) |
| 17:14 | Crear | Villager (Male) |
| 17:19 | Crear | Villager (Male) |
| 17:19 | Crear | Villager (Male) |
| 17:19 | Crear | Villager (Male) |
| 17:28 | Construir | Farm |
| 17:31 | Crear | Villager (Male) |
| 17:32 | Crear | Villager (Male) |
| 17:41 | Crear | Villager (Male) |
| 17:41 | Crear | Villager (Male) |
| 17:41 | Crear | Villager (Male) |
| 17:52 | Crear | Villager (Male) |
| 17:52 | Crear | Villager (Male) |
| 17:57 | Construir | Farm |
| 17:59 | Crear | Villager (Male) |
| 17:59 | Crear | Villager (Male) |
| 17:59 | Crear | Villager (Male) |
| 18:02 | Construir | Farm |
| 18:05 | Construir | Farm |
| 18:08 | Crear | Villager (Male) |
| 18:08 | Crear | Villager (Male) |
| 18:27 | Crear | Villager (Male) |
| 18:29 | Crear | Villager (Male) |
| 18:30 | Crear | Villager (Male) |
| 18:30 | Crear | Villager (Male) |
| 18:33 | Construir | Farm |
| 18:37 | Construir | Farm |
| 18:41 | Construir | Farm |
| 18:44 | Crear | Villager (Male) |
| 18:45 | Crear | Villager (Male) |
| 18:57 | Construir | Farm |
| 19:00 | Construir | Farm |
| 19:01 | Crear | Villager (Male) |
| 19:06 | Crear | Villager (Male) |
| 19:09 | Crear | Villager (Male) |
| 19:12 | Construir | Farm |
| 19:13 | Crear | Villager (Male) |
| 19:14 | Crear | Villager (Male) |
| 19:17 | Crear | Villager (Male) |
| 19:17 | Crear | Villager (Male) |
| 19:17 | Crear | Villager (Male) |
| 19:29 | Crear | Villager (Male) |
| 19:29 | Crear | Villager (Male) |
| 19:41 | Crear | Villager (Male) |
| 19:45 | Construir | Monastery |
| 19:49 | Crear | Villager (Male) |
| 19:55 | Crear | Villager (Male) |
| 19:59 | Crear | Villager (Male) |
| 20:28 | Crear | Villager (Male) |
| 20:35 | Construir | Town Center |
| 20:39 | Crear | Villager (Male) |
| 20:46 | Investigar | Stone Mining |
| 20:46 | Investigar | Gold Mining |
| 20:48 | Crear | Villager (Male) |
| 20:56 | Crear | Villager (Male) |
| 21:05 | Construir | House |
| 21:06 | Construir | House |
| 21:10 | Crear | Villager (Male) |
| 21:15 | Crear | Villager (Male) |
| 21:16 | Crear | Villager (Male) |
| 21:21 | Crear | Villager (Male) |
| 21:25 | Investigar | Heavy Plow |
| 21:26 | Crear | Villager (Male) |
| 21:26 | Crear | Villager (Male) |
| 21:37 | Construir | Farm |
| 21:38 | Crear | Villager (Male) |
| 21:40 | Crear | Villager (Male) |
| 21:48 | Construir | House |
| 21:49 | Construir | House |
| 21:49 | Construir | House |
Build order — 74_phihung
Primeras 150 de 1072 acciones detectadas
| 0:01 | Crear | Villager (Male) |
| 0:01 | Crear | Villager (Male) |
| 0:02 | Crear | Villager (Male) |
| 0:04 | Construir | House |
| 0:06 | Construir | House |
| 0:12 | Crear | Villager (Male) |
| 1:24 | Crear | Villager (Male) |
| 1:24 | Crear | Villager (Male) |
| 1:24 | Crear | Villager (Male) |
| 1:47 | Construir | House |
| 1:49 | Construir | House |
| 1:50 | Crear | Villager (Male) |
| 1:50 | Crear | Villager (Male) |
| 2:19 | Construir | Lumber Camp |
| 2:21 | Crear | Villager (Male) |
| 2:22 | Crear | Villager (Male) |
| 2:51 | Crear | Villager (Male) |
| 3:15 | Crear | Villager (Male) |
| 3:15 | Crear | Villager (Male) |
| 3:36 | Crear | Villager (Male) |
| 3:36 | Crear | Villager (Male) |
| 3:36 | Crear | Villager (Male) |
| 4:04 | Crear | Villager (Male) |
| 4:04 | Crear | Villager (Male) |
| 4:37 | Crear | Villager (Male) |
| 4:37 | Crear | Villager (Male) |
| 4:37 | Crear | Villager (Male) |
| 5:01 | Crear | Villager (Male) |
| 5:01 | Crear | Villager (Male) |
| 5:01 | Crear | Villager (Male) |
| 5:13 | Crear | Villager (Male) |
| 5:13 | Crear | Villager (Male) |
| 5:34 | Crear | Villager (Male) |
| 5:34 | Crear | Villager (Male) |
| 5:34 | Crear | Villager (Male) |
| 5:35 | Crear | Villager (Male) |
| 5:35 | Crear | Villager (Male) |
| 6:02 | Construir | Mill |
| 6:46 | Crear | Villager (Male) |
| 6:46 | Crear | Villager (Male) |
| 6:46 | Crear | Villager (Male) |
| 7:16 | Crear | Villager (Male) |
| 7:17 | Crear | Villager (Male) |
| 7:17 | Crear | Villager (Male) |
| 7:17 | Crear | Villager (Male) |
| 7:17 | Crear | Villager (Male) |
| 7:17 | Crear | Villager (Male) |
| 8:04 | Construir | Mining Camp |
| 8:37 | Investigar | Feudal Age |
| 9:34 | Construir | House |
| 9:43 | Construir | Barracks |
| 10:23 | Construir | House |
| 10:48 | Investigar | Loom |
| 10:57 | Edad | Edad Feudal |
| 11:06 | Construir | Stable |
| 11:08 | Crear | Villager (Male) |
| 11:12 | Construir | Blacksmith |
| 11:46 | Crear | Villager (Male) |
| 12:21 | Investigar | Castle Age |
| 12:21 | Investigar | Castle Age |
| 12:26 | Construir | Farm |
| 12:29 | Construir | Farm |
| 12:36 | Construir | Farm |
| 12:42 | Construir | Farm |
| 14:14 | Construir | Farm |
| 14:25 | Investigar | Double-Bit Axe |
| 14:59 | Crear | Villager (Male) |
| 14:59 | Crear | Villager (Male) |
| 15:01 | Edad | Edad de los Castillos |
| 15:14 | Construir | Town Center |
| 15:21 | Investigar | Bow Saw |
| 15:21 | Investigar | Bow Saw |
| 15:28 | Crear | Villager (Male) |
| 15:34 | Construir | Town Center |
| 15:44 | Construir | Farm |
| 15:55 | Crear | Villager (Male) |
| 16:11 | Construir | Farm |
| 16:35 | Crear | Villager (Male) |
| 16:40 | Construir | Farm |
| 16:41 | Crear | Villager (Male) |
| 16:42 | Crear | Villager (Male) |
| 17:03 | Investigar | Wheelbarrow |
| 17:07 | Construir | Farm |
| 17:08 | Crear | Villager (Male) |
| 17:16 | Construir | House |
| 17:17 | Construir | House |
| 17:19 | Crear | Villager (Male) |
| 17:21 | Crear | Villager (Male) |
| 17:26 | Construir | Farm |
| 17:28 | Construir | Farm |
| 17:40 | Construir | Siege Workshop |
| 17:41 | Crear | Villager (Male) |
| 17:49 | Crear | Villager (Male) |
| 17:49 | Crear | Villager (Male) |
| 17:53 | Construir | Farm |
| 17:58 | Construir | Farm |
| 18:03 | Construir | Farm |
| 18:04 | Crear | Villager (Male) |
| 18:19 | Construir | Farm |
| 18:21 | Construir | Farm |
| 18:23 | Crear | Villager (Male) |
| 18:27 | Construir | House |
| 18:40 | Construir | Farm |
| 18:41 | Crear | Villager (Male) |
| 18:48 | Crear | Villager (Male) |
| 18:57 | Crear | Battering Ram |
| 19:03 | Construir | House |
| 19:07 | Construir | Farm |
| 19:08 | Crear | Villager (Male) |
| 19:12 | Crear | Villager (Male) |
| 19:20 | Construir | Farm |
| 19:22 | Crear | Villager (Male) |
| 19:26 | Crear | Villager (Male) |
| 19:40 | Construir | House |
| 19:41 | Crear | Villager (Male) |
| 19:46 | Construir | Stable |
| 19:52 | Crear | Villager (Male) |
| 19:56 | Crear | Villager (Male) |
| 20:05 | Crear | Battering Ram |
| 20:07 | Crear | Villager (Male) |
| 20:17 | Investigar | Gold Mining |
| 20:17 | Investigar | Gold Mining |
| 20:20 | Construir | House |
| 20:25 | Crear | Battering Ram |
| 20:34 | Construir | Farm |
| 20:36 | Crear | Villager (Male) |
| 20:41 | Crear | Villager (Male) |
| 20:48 | Construir | Farm |
| 20:50 | Crear | Villager (Male) |
| 20:54 | Construir | House |
| 20:58 | Crear | Knight |
| 20:58 | Crear | Knight |
| 20:59 | Crear | Knight |
| 21:07 | Construir | Farm |
| 21:08 | Construir | Farm |
| 21:18 | Investigar | Scale Barding Armor |
| 21:23 | Crear | Battering Ram |
| 21:27 | Crear | Villager (Male) |
| 21:33 | Construir | House |
| 21:35 | Crear | Villager (Male) |
| 21:53 | Construir | Farm |
| 21:54 | Construir | Farm |
| 21:55 | Crear | Villager (Male) |
| 21:59 | Crear | Villager (Male) |
| 22:04 | Crear | Knight |
| 22:05 | Crear | Knight |
| 22:05 | Crear | Knight |
| 22:20 | Construir | House |
| 22:21 | Crear | Villager (Male) |
| 22:26 | Construir | Mining Camp |
Build order — A Deer Ate My Villager
Primeras 150 de 917 acciones detectadas
| 0:01 | Crear | Villager (Male) ×4 |
| 0:01 | Crear | Villager (Male) ×4 |
| 0:01 | Crear | Villager (Male) ×4 |
| 0:02 | Construir | House |
| 0:03 | Construir | House |
| 0:04 | Construir | House |
| 1:29 | Crear | Villager (Male) |
| 1:29 | Crear | Villager (Male) |
| 1:30 | Crear | Villager (Male) |
| 1:30 | Crear | Villager (Male) |
| 1:49 | Construir | Lumber Camp |
| 1:58 | Crear | Villager (Male) |
| 1:58 | Crear | Villager (Male) |
| 1:58 | Crear | Villager (Male) |
| 2:33 | Crear | Villager (Male) |
| 2:33 | Crear | Villager (Male) |
| 2:33 | Crear | Villager (Male) |
| 2:42 | Crear | Villager (Male) |
| 2:42 | Crear | Villager (Male) |
| 2:42 | Crear | Villager (Male) |
| 3:08 | Crear | Villager (Male) |
| 3:08 | Crear | Villager (Male) |
| 3:08 | Crear | Villager (Male) |
| 3:38 | Crear | Villager (Male) |
| 3:38 | Crear | Villager (Male) |
| 3:38 | Crear | Villager (Male) |
| 3:38 | Crear | Villager (Male) |
| 3:53 | Construir | Mill |
| 4:04 | Crear | Villager (Male) |
| 4:04 | Crear | Villager (Male) |
| 4:04 | Crear | Villager (Male) |
| 4:26 | Crear | Villager (Male) |
| 4:26 | Crear | Villager (Male) |
| 4:26 | Crear | Villager (Male) |
| 4:41 | Crear | Villager (Male) |
| 5:07 | Construir | Mining Camp |
| 5:22 | Crear | Villager (Male) |
| 5:22 | Crear | Villager (Male) |
| 6:12 | Crear | Villager (Male) ×3 |
| 6:12 | Crear | Villager (Male) ×3 |
| 6:13 | Crear | Villager (Male) ×3 |
| 6:15 | Construir | House |
| 6:44 | Crear | Villager (Male) |
| 6:44 | Crear | Villager (Male) |
| 6:44 | Crear | Villager (Male) |
| 7:57 | Investigar | Feudal Age |
| 9:13 | Crear | Villager (Male) |
| 9:13 | Crear | Villager (Male) |
| 10:08 | Edad | Edad Feudal |
| 10:10 | Construir | Market |
| 10:12 | Construir | Blacksmith |
| 10:21 | Construir | Mill |
| 10:49 | Investigar | Castle Age |
| 10:49 | Investigar | Castle Age |
| 11:37 | Investigar | Double-Bit Axe |
| 12:45 | Investigar | Horse Collar |
| 13:22 | Construir | House |
| 13:29 | Construir | House |
| 13:32 | Construir | House |
| 13:35 | Crear | Villager (Male) |
| 13:35 | Crear | Villager (Male) |
| 13:38 | Edad | Edad de los Castillos |
| 13:43 | Construir | Monastery |
| 13:50 | Construir | Town Center |
| 13:58 | Construir | Farm |
| 14:02 | Construir | Farm |
| 14:06 | Construir | Farm |
| 14:17 | Crear | Missionary |
| 14:26 | Crear | Villager (Male) |
| 14:26 | Crear | Villager (Male) |
| 14:26 | Crear | Villager (Male) |
| 14:39 | Construir | Farm |
| 14:43 | Construir | Farm |
| 14:50 | Crear | Villager (Male) |
| 14:50 | Crear | Villager (Male) |
| 14:54 | Construir | Farm |
| 15:16 | Crear | Missionary |
| 15:21 | Crear | Villager (Male) |
| 15:21 | Crear | Villager (Male) |
| 15:24 | Construir | House |
| 15:26 | Crear | Villager (Male) |
| 15:26 | Crear | Villager (Male) |
| 15:26 | Crear | Villager (Male) |
| 15:26 | Crear | Villager (Male) |
| 15:30 | Construir | Farm |
| 15:32 | Construir | Farm |
| 15:33 | Construir | Farm |
| 15:37 | Construir | Farm |
| 15:40 | Crear | Villager (Male) |
| 15:40 | Crear | Villager (Male) |
| 15:40 | Crear | Villager (Male) |
| 16:05 | Crear | Villager (Male) |
| 16:18 | Construir | Town Center |
| 16:31 | Investigar | Fervor |
| 16:49 | Crear | Villager (Male) |
| 16:49 | Crear | Villager (Male) |
| 16:49 | Crear | Villager (Male) |
| 16:51 | Construir | Farm |
| 16:52 | Crear | Villager (Male) |
| 16:53 | Crear | Villager (Male) |
| 16:53 | Crear | Villager (Male) |
| 16:57 | Construir | Farm |
| 16:59 | Construir | Farm |
| 17:32 | Crear | Monk |
| 17:35 | Crear | Missionary |
| 17:44 | Crear | Villager (Male) |
| 17:44 | Crear | Villager (Male) |
| 17:44 | Crear | Villager (Male) |
| 17:46 | Construir | Farm |
| 17:49 | Construir | Farm |
| 17:50 | Construir | Farm |
| 17:52 | Construir | Farm |
| 17:53 | Crear | Villager (Male) |
| 17:53 | Crear | Villager (Male) |
| 17:53 | Crear | Villager (Male) |
| 17:53 | Crear | Villager (Male) |
| 18:02 | Crear | Villager (Male) |
| 18:02 | Crear | Villager (Male) |
| 18:02 | Crear | Villager (Male) |
| 18:02 | Crear | Villager (Male) |
| 18:20 | Crear | Villager (Male) |
| 18:20 | Crear | Villager (Male) |
| 18:20 | Crear | Villager (Male) |
| 18:36 | Construir | Town Center |
| 18:40 | Crear | Villager (Male) ×2 |
| 18:40 | Crear | Villager (Male) ×2 |
| 18:41 | Crear | Villager (Male) ×2 |
| 18:41 | Crear | Villager (Male) ×2 |
| 19:07 | Crear | Villager (Male) |
| 19:07 | Crear | Villager (Male) |
| 19:07 | Crear | Villager (Male) |
| 19:33 | Crear | Villager (Male) |
| 19:33 | Crear | Villager (Male) |
| 19:33 | Crear | Villager (Male) |
| 19:33 | Crear | Villager (Male) |
| 19:37 | Construir | Barracks |
| 19:59 | Crear | Villager (Male) |
| 19:59 | Crear | Villager (Male) |
| 19:59 | Crear | Villager (Male) |
| 19:59 | Crear | Villager (Male) |
| 19:59 | Crear | Villager (Male) |
| 20:02 | Construir | Farm |
| 20:02 | Construir | Farm |
| 20:02 | Construir | Farm |
| 20:02 | Construir | Farm |
| 20:03 | Construir | Farm |
| 20:03 | Construir | Farm |
| 20:03 | Construir | Farm |
| 20:04 | Construir | Farm |
| 20:04 | Construir | Farm |
Cronología de la partida
| 5:49 | Medina90 · wall_segment Palisade Wall x1 |
| 9:43 | 74_phihung · first_building Barracks |
| 9:49 | Szpill · age_up feudal |
| 10:05 | Lilith Realm · age_up feudal |
| 10:08 | A Deer Ate My Villager · age_up feudal |
| 10:14 | Efiko · first_building Barracks |
| 10:57 | 74_phihung · age_up feudal |
| 11:04 | NPC · age_up feudal |
| 11:06 | 74_phihung · first_building Stable |
| 11:16 | Efiko · age_up feudal |
| 11:18 | Skeu · age_up feudal |
| 11:40 | Medina90 · age_up feudal |
| 13:38 | A Deer Ate My Villager · age_up castle |
| 13:39 | Lilith Realm · age_up castle |
| 13:43 | A Deer Ate My Villager · first_building Monastery |
| 13:44 | Szpill · first_building Barracks |
| 14:30 | Efiko · first_market_sell 100 food |
| 14:32 | Efiko · first_market_buy 100 wood |
| 14:39 | Efiko · first_building Stable |
| 14:43 | NPC · age_up castle |
| 15:01 | 74_phihung · age_up castle |
| 15:10 | Medina90 · age_up castle |
| 15:14 | Skeu · age_up castle |
| 15:32 | Efiko · age_up castle |
| 16:01 | Efiko · first_building Castle |
| 16:05 | Szpill · age_up castle |
| 16:29 | A Deer Ate My Villager · first_market_sell 100 wood |
| 17:09 | NPC · first_market_buy 100 food |
| 17:40 | 74_phihung · first_building Siege Workshop |
| 18:32 | A Deer Ate My Villager · first_market_buy 100 stone |
| 19:33 | Skeu · first_building Barracks |
| 19:37 | A Deer Ate My Villager · first_building Barracks |
| 19:45 | Lilith Realm · first_building Monastery |
| 20:31 | NPC · first_building Barracks |
| 20:51 | A Deer Ate My Villager · first_building Stable |
| 21:02 | Szpill · first_building Castle |
| 21:18 | Lilith Realm · first_market_sell 100 food |
| 21:20 | Lilith Realm · first_market_buy 100 wood |
| 21:58 | Efiko · wall_segment Stone Wall x4 |
| 22:09 | NPC · first_building Siege Workshop |
| 22:58 | Skeu · first_building Archery Range |
| 23:54 | NPC · first_building Archery Range |
| 24:33 | Lilith Realm · first_building Castle |
| 24:40 | Lilith Realm · wall_segment Stone Wall x4 |
| 24:44 | Lilith Realm · first_building Siege Workshop |
| 24:52 | Medina90 · first_building Barracks |
| 24:53 | Lilith Realm · wall_segment Stone Wall x1 |
| 25:06 | Medina90 · first_market_buy 100 wood |
| 25:12 | Lilith Realm · wall_segment Stone Wall x2 |
| 25:13 | Lilith Realm · wall_segment Stone Wall x1 |
| 25:13 | Medina90 · first_building Monastery |
| 25:18 | Lilith Realm · wall_segment Stone Wall x1 |
| 25:20 | Lilith Realm · wall_segment Stone Wall x1 |
| 25:22 | A Deer Ate My Villager · first_building Castle |
| 25:34 | Medina90 · first_building Stable |
| 25:41 | Lilith Realm · wall_segment Stone Wall x1 |
| 25:57 | Efiko · wall_segment Stone Wall x6 |
| 26:05 | Lilith Realm · wall_segment Stone Wall x1 |
| 26:07 | Lilith Realm · wall_segment Stone Wall x1 |
| 26:14 | Skeu · first_building Siege Workshop |
| 26:16 | Lilith Realm · wall_segment Stone Wall x7 |
| 26:21 | Lilith Realm · wall_segment Stone Wall x6 |
| 26:23 | Lilith Realm · wall_segment Stone Wall x1 |
| 26:29 | NPC · first_building Castle |
| 26:30 | Lilith Realm · wall_segment Stone Wall x1 |
| 26:59 | Lilith Realm · wall_segment Stone Wall x1 |
| 27:36 | Lilith Realm · wall_segment Stone Wall x1 |
| 27:36 | Lilith Realm · wall_segment Stone Wall x1 |
| 27:43 | NPC · age_up imperial |
| 27:44 | Efiko · first_building Siege Workshop |
| 27:55 | Lilith Realm · wall_segment Stone Wall x1 |
| 28:08 | NPC · wall_segment Stone Wall x1 |
| 28:15 | Skeu · first_building Castle |
| 28:36 | NPC · wall_segment Stone Wall x1 |
| 28:36 | Medina90 · first_market_sell 100 stone |
| 28:38 | 74_phihung · first_building Monastery |
| 29:06 | A Deer Ate My Villager · age_up imperial |
| 29:12 | Lilith Realm · wall_segment Stone Wall x1 |
| 29:15 | Lilith Realm · wall_segment Stone Wall x1 |
| 29:25 | Lilith Realm · first_building Barracks |
| 29:26 | NPC · wall_segment Stone Wall x2 |
| 29:30 | Lilith Realm · wall_segment Stone Wall x1 |
| 29:39 | Lilith Realm · wall_segment Stone Wall x1 |
| 30:01 | Szpill · first_market_sell 500 food |
| 30:02 | NPC · first_market_sell 500 food |
| 30:16 | Lilith Realm · first_building Archery Range |
| 30:24 | Medina90 · first_building Castle |
| 30:59 | A Deer Ate My Villager · first_building Archery Range |
| 31:01 | Medina90 · age_up imperial |
| 31:05 | Lilith Realm · wall_segment Stone Wall x1 |
| 31:07 | Lilith Realm · wall_segment Stone Wall x1 |
| 31:08 | Lilith Realm · wall_segment Stone Wall x1 |
| 31:28 | Skeu · age_up imperial |
| 32:07 | Lilith Realm · wall_segment Stone Wall x1 |
| 32:12 | Lilith Realm · age_up imperial |
| 32:40 | 74_phihung · age_up imperial |
| 32:46 | Efiko · first_building Archery Range |
| 33:41 | Szpill · age_up imperial |
| 34:32 | 74_phihung · first_building Castle |
| 34:42 | Szpill · first_market_buy 100 food |
| 34:48 | Lilith Realm · wall_segment Stone Wall x1 |
| 35:07 | Efiko · age_up imperial |
| 35:21 | Medina90 · tribute_sent a jugador 1 |
| 35:21 | Medina90 · tribute_sent a jugador 2 |
| 35:21 | Medina90 · tribute_sent a jugador 3 |
| 35:21 | Medina90 · tribute_sent a jugador 5 |
| 35:21 | Medina90 · tribute_sent a jugador 6 |
| 35:21 | Medina90 · tribute_sent a jugador 7 |
| 35:21 | Medina90 · tribute_sent a jugador 8 |
| 35:33 | A Deer Ate My Villager · tribute_sent a jugador 1 |
| 35:33 | A Deer Ate My Villager · tribute_sent a jugador 2 |
| 35:33 | A Deer Ate My Villager · tribute_sent a jugador 3 |
| 35:33 | A Deer Ate My Villager · tribute_sent a jugador 4 |
| 35:33 | A Deer Ate My Villager · tribute_sent a jugador 5 |
| 35:33 | A Deer Ate My Villager · tribute_sent a jugador 6 |
| 35:33 | A Deer Ate My Villager · tribute_sent a jugador 7 |
| 36:12 | Szpill · first_building Siege Workshop |
| 37:12 | NPC · first_building Monastery |
| 37:15 | Lilith Realm · wall_segment Stone Wall x4 |
| 37:20 | Lilith Realm · wall_segment Stone Wall x4 |
| 37:50 | Szpill · first_building Archery Range |
| 39:19 | Medina90 · first_building Archery Range |
| 39:34 | Lilith Realm · wall_segment Stone Wall x1 |
| 39:36 | Lilith Realm · wall_segment Stone Wall x1 |
| 41:12 | Szpill · first_building Stable |
| 42:58 | Szpill · tribute_sent a jugador 1 |
| 42:58 | Szpill · tribute_sent a jugador 2 |
| 42:58 | Szpill · tribute_sent a jugador 3 |
| 42:58 | Szpill · tribute_sent a jugador 4 |
| 42:58 | Szpill · tribute_sent a jugador 6 |
| 42:58 | Szpill · tribute_sent a jugador 7 |
| 42:58 | Szpill · tribute_sent a jugador 8 |
| 45:00 | Lilith Realm · tribute_sent a jugador 1 |
| 45:00 | Lilith Realm · tribute_sent a jugador 2 |
| 45:00 | Lilith Realm · tribute_sent a jugador 3 |
| 45:00 | Lilith Realm · tribute_sent a jugador 4 |
| 45:00 | Lilith Realm · tribute_sent a jugador 5 |
| 45:00 | Lilith Realm · tribute_sent a jugador 7 |
| 45:00 | Lilith Realm · tribute_sent a jugador 8 |
| 46:30 | Lilith Realm · first_building Stable |
| 47:14 | Lilith Realm · wall_segment Stone Wall x9 |
| 47:18 | Skeu · tribute_sent a jugador 1 |
| 47:18 | Skeu · tribute_sent a jugador 2 |
| 47:18 | Skeu · tribute_sent a jugador 4 |
| 47:18 | Skeu · tribute_sent a jugador 5 |
| 47:18 | Skeu · tribute_sent a jugador 6 |
| 47:18 | Skeu · tribute_sent a jugador 7 |
| 47:18 | Skeu · tribute_sent a jugador 8 |
| 47:18 | Lilith Realm · wall_segment Stone Wall x1 |
| 50:23 | A Deer Ate My Villager · first_building Siege Workshop |
| 51:06 | Szpill · wall_segment Stone Wall x28 |
| 51:07 | Lilith Realm · wall_segment Stone Wall x7 |
| 51:08 | Lilith Realm · wall_segment Stone Wall x4 |
| 51:08 | Lilith Realm · wall_segment Stone Wall x1 |
| 51:09 | Lilith Realm · wall_segment Stone Wall x1 |
| 51:10 | Lilith Realm · wall_segment Stone Wall x1 |
| 51:10 | Lilith Realm · wall_segment Stone Wall x1 |
| 51:13 | Lilith Realm · wall_segment Stone Wall x8 |
| 51:30 | Szpill · wall_segment Stone Wall x25 |
| 52:02 | Skeu · tribute_sent a jugador 1 |
| 52:02 | Skeu · tribute_sent a jugador 2 |
| 52:02 | Skeu · tribute_sent a jugador 4 |
| 52:02 | Skeu · tribute_sent a jugador 5 |
| 52:02 | Skeu · tribute_sent a jugador 6 |
| 52:02 | Skeu · tribute_sent a jugador 7 |
| 52:02 | Skeu · tribute_sent a jugador 8 |
| 52:15 | Lilith Realm · tribute_sent a jugador 1 |
| 52:15 | Lilith Realm · tribute_sent a jugador 2 |
| 52:15 | Lilith Realm · tribute_sent a jugador 3 |
| 52:15 | Lilith Realm · tribute_sent a jugador 4 |
| 52:15 | Lilith Realm · tribute_sent a jugador 5 |
| 52:15 | Lilith Realm · tribute_sent a jugador 7 |
| 52:15 | Lilith Realm · tribute_sent a jugador 8 |
| 55:27 | Lilith Realm · tribute_sent a jugador 1 |
| 55:27 | Lilith Realm · tribute_sent a jugador 2 |
| 55:27 | Lilith Realm · tribute_sent a jugador 3 |
| 55:27 | Lilith Realm · tribute_sent a jugador 4 |
| 55:27 | Lilith Realm · tribute_sent a jugador 5 |
| 55:27 | Lilith Realm · tribute_sent a jugador 7 |
| 55:27 | Lilith Realm · tribute_sent a jugador 8 |
| 56:45 | 74_phihung · first_building Archery Range |
| 59:26 | Skeu · wall_segment Stone Wall x5 |
| 59:59 | Szpill · wall_segment Stone Wall x7 |
| 60:08 | Lilith Realm · tribute_sent a jugador 1 |
| 60:08 | Lilith Realm · tribute_sent a jugador 2 |
| 60:08 | Lilith Realm · tribute_sent a jugador 3 |
| 60:08 | Lilith Realm · tribute_sent a jugador 4 |
| 60:08 | Lilith Realm · tribute_sent a jugador 5 |
| 60:08 | Lilith Realm · tribute_sent a jugador 7 |
| 60:08 | Lilith Realm · tribute_sent a jugador 8 |
| 60:40 | Szpill · wall_segment Stone Wall x4 |
| 61:17 | Lilith Realm · tribute_sent a jugador 1 |
| 61:17 | Lilith Realm · tribute_sent a jugador 2 |
| 61:17 | Lilith Realm · tribute_sent a jugador 3 |
| 61:17 | Lilith Realm · tribute_sent a jugador 4 |
| 61:17 | Lilith Realm · tribute_sent a jugador 5 |
| 61:17 | Lilith Realm · tribute_sent a jugador 7 |
| 61:17 | Lilith Realm · tribute_sent a jugador 8 |
| 63:04 | Lilith Realm · tribute_sent a jugador 1 |
| 63:04 | Lilith Realm · tribute_sent a jugador 2 |
| 63:04 | Lilith Realm · tribute_sent a jugador 3 |
| 63:04 | Lilith Realm · tribute_sent a jugador 4 |
| 63:04 | Lilith Realm · tribute_sent a jugador 5 |
| 63:04 | Lilith Realm · tribute_sent a jugador 7 |
| 63:04 | Lilith Realm · tribute_sent a jugador 8 |
| 65:04 | Lilith Realm · tribute_sent a jugador 1 |
| 65:04 | Lilith Realm · tribute_sent a jugador 2 |
| 65:04 | Lilith Realm · tribute_sent a jugador 3 |
| 65:04 | Lilith Realm · tribute_sent a jugador 4 |
| 65:04 | Lilith Realm · tribute_sent a jugador 5 |
| 65:04 | Lilith Realm · tribute_sent a jugador 7 |
| 65:04 | Lilith Realm · tribute_sent a jugador 8 |
| 65:09 | Lilith Realm · tribute_sent a jugador 1 |
| 65:09 | Lilith Realm · tribute_sent a jugador 2 |
| 65:09 | Lilith Realm · tribute_sent a jugador 3 |
| 65:09 | Lilith Realm · tribute_sent a jugador 4 |
| 65:09 | Lilith Realm · tribute_sent a jugador 5 |
| 65:09 | Lilith Realm · tribute_sent a jugador 7 |
| 65:09 | Lilith Realm · tribute_sent a jugador 8 |
| 67:35 | Medina90 · tribute_sent a jugador 1 |
| 67:35 | Medina90 · tribute_sent a jugador 2 |
| 67:35 | Medina90 · tribute_sent a jugador 3 |
| 67:35 | Medina90 · tribute_sent a jugador 5 |
| 67:35 | Medina90 · tribute_sent a jugador 6 |
| 67:35 | Medina90 · tribute_sent a jugador 7 |
| 67:35 | Medina90 · tribute_sent a jugador 8 |
| 67:39 | Lilith Realm · tribute_sent a jugador 1 |
| 67:39 | Lilith Realm · tribute_sent a jugador 2 |
| 67:39 | Lilith Realm · tribute_sent a jugador 3 |
| 67:39 | Lilith Realm · tribute_sent a jugador 4 |
| 67:39 | Lilith Realm · tribute_sent a jugador 5 |
| 67:39 | Lilith Realm · tribute_sent a jugador 7 |
| 67:39 | Lilith Realm · tribute_sent a jugador 8 |
| 67:48 | Lilith Realm · wall_segment Stone Wall x4 |
| 68:30 | Lilith Realm · wall_segment Stone Wall x8 |
| 69:07 | Skeu · wall_segment Stone Wall x4 |
| 70:23 | Lilith Realm · tribute_sent a jugador 1 |
| 70:23 | Lilith Realm · tribute_sent a jugador 2 |
| 70:23 | Lilith Realm · tribute_sent a jugador 3 |
| 70:23 | Lilith Realm · tribute_sent a jugador 4 |
| 70:23 | Lilith Realm · tribute_sent a jugador 5 |
| 70:23 | Lilith Realm · tribute_sent a jugador 7 |
| 70:23 | Lilith Realm · tribute_sent a jugador 8 |
| 70:28 | Szpill · wall_segment Stone Wall x1 |
| 70:29 | Szpill · wall_segment Stone Wall x1 |
| 70:30 | Lilith Realm · tribute_sent a jugador 1 |
| 70:30 | Lilith Realm · tribute_sent a jugador 2 |
| 70:30 | Lilith Realm · tribute_sent a jugador 3 |
| 70:30 | Lilith Realm · tribute_sent a jugador 4 |
| 70:30 | Lilith Realm · tribute_sent a jugador 5 |
| 70:30 | Lilith Realm · tribute_sent a jugador 7 |
| 70:30 | Lilith Realm · tribute_sent a jugador 8 |
| 70:32 | Szpill · wall_segment Stone Wall x1 |
| 71:44 | A Deer Ate My Villager · tribute_sent a jugador 1 |
| 71:44 | A Deer Ate My Villager · tribute_sent a jugador 2 |
| 71:44 | A Deer Ate My Villager · tribute_sent a jugador 3 |
| 71:44 | A Deer Ate My Villager · tribute_sent a jugador 4 |
| 71:44 | A Deer Ate My Villager · tribute_sent a jugador 5 |
| 71:44 | A Deer Ate My Villager · tribute_sent a jugador 6 |
| 71:44 | A Deer Ate My Villager · tribute_sent a jugador 7 |
| 71:46 | Lilith Realm · tribute_sent a jugador 1 |
| 71:46 | Lilith Realm · tribute_sent a jugador 2 |
| 71:46 | Lilith Realm · tribute_sent a jugador 3 |
| 71:46 | Lilith Realm · tribute_sent a jugador 4 |
| 71:46 | Lilith Realm · tribute_sent a jugador 5 |
| 71:46 | Lilith Realm · tribute_sent a jugador 7 |
| 71:46 | Lilith Realm · tribute_sent a jugador 8 |
| 72:02 | Lilith Realm · wall_segment Stone Wall x14 |
| 72:10 | Lilith Realm · wall_segment Stone Wall x24 |
| 73:28 | Szpill · wall_segment Stone Wall x15 |
| 74:40 | Lilith Realm · tribute_sent a jugador 1 |
| 74:40 | Lilith Realm · tribute_sent a jugador 2 |
| 74:40 | Lilith Realm · tribute_sent a jugador 3 |
| 74:40 | Lilith Realm · tribute_sent a jugador 4 |
| 74:40 | Lilith Realm · tribute_sent a jugador 5 |
| 74:40 | Lilith Realm · tribute_sent a jugador 7 |
| 74:40 | Lilith Realm · tribute_sent a jugador 8 |
| 74:49 | NPC · resign |
[ ANÁLISIS IA · 1 CRÉDITO ]
¿Qué pasó realmente en esta partida?
Wolo.gg analiza cada decisión: build order, eco, micro, errores típicos por bracket. Análisis personalizado por WhatsApp o Discord en 30 segundos.
Guía civ
Polacos
Perfil
Efiko